 Dungeon Crawl Stone Soup version 0.20.1-1-g8b1a95d (webtiles) character file.

58 OfficerJojo the Digger (level 4, -1/24 HPs)
             Began as a Gargoyle Earth Elementalist on July 4, 2017.
             Slain by a hobgoblin (4 damage)
             ... on level 2 of the Dungeon.
             The game lasted 00:04:42 (1555 turns).

OfficerJojo the Digger (GrEE)                       Turns: 1555, Time: 00:04:43

Health: -1/24      AC:  5    Str: 11    XL:     4   Next: 2%
Magic:  1/8        EV: 12    Int: 17    God:
Gold:   64         SH:  0    Dex: 10    Spells: 5/9 levels left

rFire    . . .     SeeInvis .   f - +2 dagger (freeze)
rCold    . . .     Gourm    .   (no shield)
rNeg     + . .     Faith    .   c - +0 robe
rPois    ∞         Spirit   .   (no helmet)
rElec    +         Reflect  .   (no cloak)
rCorr    .         Harm     .   (no gloves)
MR       .....                  (no boots)
Stlth    ++........             (no amulet)
Regen    0.1/turn               (no ring)
MPRegen  0.2/turn               (no ring)

@: no status effects
A: negative energy resistance 1, electricity resistance, unbreathing,
petrification resistance, rot immunity, AC +3
a: no special abilities


You were on level 2 of the Dungeon.
You were not hungry.

You visited 1 branch of the dungeon, and saw 2 of its levels.

You collected 64 gold pieces.

Inventory:

Hand Weapons
 f - a +2 dagger of freezing (weapon)
Missiles
 b - 67 stones (quivered)
Armour
 c - a +0 robe (worn)
Scrolls
 i - a scroll of teleportation {unknown}
 j - a scroll of remove curse {unknown}
 k - a scroll of fog {unknown}
Potions
 g - a potion of lignification {unknown}
 h - a potion of ambrosia {unknown}
 l - a potion of heal wounds {unknown}
Books
 e - a book of Geomancy

   Spells                             Type                      Level
   a - Sandblast                      Earth                        1
   b - Passwall                       Transmutation/Earth          2
   c - Stone Arrow                    Conjuration/Earth            3
   d - Petrify                        Transmutation/Earth          4
   e - Lee's Rapid Deconstruction     Earth                        5
Comestibles
 a - 5 chunks of flesh
 d - 3 bread rations


   Skills:
 - Level 1.5 Dodging
 - Level 2.1 Stealth
 + Level 3.0 Spellcasting
 + Level 1.2 Conjurations
   Level 0.7 Transmutations
 + Level 4.5 Earth Magic


You had 5 spell levels left.
You knew the following spells:

 Your Spells              Type           Power        Failure   Level  Hunger
a - Sandblast             Erth           ###...       2%          1    None
b - Stone Arrow           Conj/Erth      ##....       16%         3    ###....


Dungeon Overview and Level Annotations

Branches:
Dungeon (2/15)

Altars:


Innate Abilities, Weirdness & Mutations

You are resistant to torment.
Your stone body is resilient. (AC +3)
You are immune to poison.
You resist negative energy. (rN+)
You are resistant to electric shocks. (rElec)
You can survive without breathing.
You are immune to petrification.
You are immune to rotting.


Message History

The hobgoblin is almost dead.
The hobgoblin misses you.
You closely miss the hobgoblin.
The hobgoblin is almost dead.
The hobgoblin hits you.
* * * LOW HITPOINT WARNING * * *
You barely miss the hobgoblin.
The hobgoblin is almost dead.
The hobgoblin hits you but does no damage.
The hobgoblin misses you.
Casting: Sandblast
Confirm with . or Enter, or press ? or * to list all spells.
Aiming: Sandblast
Press: ? - help, Shift-Dir - straight line, f - jackal
Aim: a jackal The blast of sand hits the jackal.
You kill the jackal!
b - 67 stones The hobgoblin hits you.
You die...

######## ##....).##
##........##
#..........# ###
#..........# #.)
#@.........# #.#
#.g....(...# #.#
#r.........# #.#
###.......)## ##.#
##h..........####...
#...................
##r#..........#......
##..#.................
#..##..........####...


You could see a hobgoblin and a rat.

Vanquished Creatures
  A worm (D:2)
  2 dart slugs (D:1)
  3 leopard geckos
  4 bats
  4 goblins (D:1)
  4 hobgoblins
  4 jackals (D:2)
  11 kobolds
  A quokka (D:2)
  7 frilled lizards
  6 rats
47 creatures vanquished.

Vanquished Creatures (others)
  2 plants (D:1)
2 creatures vanquished.

Grand Total: 49 creatures vanquished

Notes
Turn   | Place    | Note
-------+----------+-------------------------------------------
     0 | D:1      | OfficerJojo the Gargoyle Earth Elementalist began the quest for the Orb.
     0 | D:1      | Reached XP level 1. HP: 10/10 MP: 3/3
   136 | D:1      | Reached skill level 4 in Earth Magic
   136 | D:1      | Reached XP level 2. HP: 15/15 MP: 0/5
   580 | D:1      | Reached XP level 3. HP: 19/19 MP: 7/7
   585 | D:1      | Learned a level 3 spell: Stone Arrow
  1532 | D:2      | Reached skill level 1 in Conjurations
  1544 | D:2      | Reached XP level 4. HP: 7/24 MP: 0/8
  1555 | D:2      | Slain by a hobgoblin

Skill      XL: |  1  2  3 |
---------------+----------+-----
Earth Magic    | 4 |  4.5
Conjurations   | 1 |  1.2
Spellcasting   | 3 |  3.0
Dodging        | |  1.5
Stealth        | |  2.1
Transmutations | |  0.7

Action                   |  1- 3 |  4- 6 || total
-------------------------+-------+-------++-------
Melee: Unarmed           |     3 |       ||     3
       Dagger            |   125 |     4 ||   129
 Cast: Sandblast         |    23 |     1 ||    24
 Stab: Sleeping          |     2 |       ||     2
  Eat: Chunk             |     2 |       ||     2
Armor: Robe              |    55 |     1 ||    56
Dodge: Dodged            |    91 |     3 ||    94
